 Dungeon Crawl Stone Soup version 0.21.1-1-g345015f (webtiles) character file.

189 rz the Chopper (level 5, -6/47 HPs)
             Began as a Minotaur Berserker on Apr 2, 2018.
             Was a Believer of Trog.
             Killed from afar by Sigmund (7 damage)
             ... with a magic dart
             ... on level 2 of the Dungeon.
             The game lasted 00:03:14 (1909 turns).

rz the Chopper (Minotaur Berserker)                 Turns: 1909, Time: 00:03:15

Health: -6/47      AC:  0    Str: 22    XL:     5   Next: 40%
Magic:  4/4        EV: 15    Int:  4    God:    Trog [**....]
Gold:   117        SH:  0    Dex: 10    Spells: 4/4 levels left

rFire    . . .     SeeInvis .   (weapon currently unavailable)
rCold    . . .     Gourm    .   (shield currently unavailable)
rNeg     . . .     Faith    .   (armour currently unavailable)
rPois    .         Spirit   .   (helmet currently unavailable)
rElec    .         Reflect  .   (cloak currently unavailable)
rCorr    .         Harm     .   (gloves currently unavailable)
MR       .....                  (boots currently unavailable)
Stlth    +.........             (no amulet)
HPRegen  0.15/turn              (ring currently unavailable)
MPRegen  0.09/turn              (ring currently unavailable)

@: pig-form (expiring), very quick
A: small, (retaliatory headbutt)
a: Berserk, Trog's Hand, Burn Spellbooks, Renounce Religion


You were on level 2 of the Dungeon.
You worshipped Trog.
Trog was pleased with you.
You were not hungry.
You were a filthy swine.
You visited 1 branch of the dungeon, and saw 2 of its levels.

You collected 117 gold pieces.

Inventory:

Hand Weapons
 a - a +0 hand axe (melded)
Armour
 j - a +0 chain mail (melded)
 r - a +1 pair of gloves (melded)
Jewellery
 m - a ring of flight (melded)
Scrolls
 e - a scroll of blinking {unknown}
 h - a scroll of teleportation {unknown}
 i - a scroll of enchant weapon {unknown}
 k - 2 scrolls of magic mapping {unknown}
 l - a scroll of fear {unknown}
 n - 2 scrolls of remove curse {unknown}
 q - a scroll of identify {unknown}
Potions
 d - a potion of agility
 f - a potion of brilliance {unknown}
 g - a potion of curing {unknown}
 o - a potion of flight {unknown}
 p - a potion of magic {unknown}
Comestibles
 c - 4 rations


   Skills:
 + Level 4.8 Fighting
 * Level 5.4 Axes
 + Level 3.6 Armour
 + Level 3.2 Dodging


You had 4 spell levels left.
You didn't know any spells.

Dungeon Overview and Level Annotations

Branches:
Dungeon (2/15)

Altars:
Ru
Trog

Annotations:
D:2 Sigmund


Innate Abilities, Weirdness & Mutations

((You reflexively headbutt those who attack you in melee.))
((You have a pair of horns on your head.))


Message History

Sigmund completely misses you.
You barely miss Sigmund.
Sigmund is severely wounded.
You hit Sigmund but do no damage.
Sigmund is severely wounded.
Sigmund hits you with a scythe.
* * * LOW HITPOINT WARNING * * *
You closely miss Sigmund.
Sigmund is severely wounded.
You hit Sigmund.
Sigmund is almost dead.
Your transformation is almost over.
Sigmund points at you and mumbles some strange words.
The puff of flame hits you!
* * * LOW HITPOINT WARNING * * *
You closely miss Sigmund.
Sigmund is almost dead.
Sigmund points at you and mumbles some strange words.
The magic dart hits you!
You die...

.....# . ..#### ..##
### ....###### #
.........# ..........#
######.....[.....######
#.................!...#
....############.@##.##
###†#### #......h##..#
# #....# ..#######.)##
#...##.# #..((.##
#....#.#### #(#####
..._......####.#
.#....##..##...####
.##... #...........#
...####.#..........#
###. #...#####..###


You could see Sigmund.

Vanquished Creatures
  Jessica (D:2)
  Natasha (thrice) (D:2)
  A gnoll (D:2)
  2 adders (D:2)
  A worm (D:2)
  2 dart slugs
  3 leopard geckos
  3 giant cockroaches
  7 goblins
  4 hobgoblins
  6 jackals (D:2)
  8 kobolds
  A quokka (D:2)
  7 bats
  3 frilled lizards (D:1)
  3 rats (D:2)
55 creatures vanquished.

Notes
Turn   | Place    | Note
-------+----------+-------------------------------------------
     0 | D:1      | rz the Minotaur Berserker began the quest for the Orb.
     0 | D:1      | Reached XP level 1. HP: 19/19 MP: 0/0
   322 | D:1      | Reached XP level 2. HP: 25/27 MP: 1/1
   450 | D:1      | Reached skill level 4 in Axes
  1005 | D:2      | Noticed Jessica
  1015 | D:2      | Killed Jessica
  1015 | D:2      | Reached XP level 3. HP: 33/33 MP: 2/2
  1268 | D:2      | Found a bloodstained altar of Trog.
  1291 | D:2      | Reached XP level 4. HP: 40/41 MP: 3/3
  1324 | D:2      | Reached ** piety under Trog
  1363 | D:2      | Noticed Natasha
  1378 | D:2      | Killed Natasha
  1392 | D:2      | Reached skill level 5 in Axes
  1402 | D:2      | Noticed Natasha
  1412 | D:2      | Killed Natasha
  1434 | D:2      | Noticed Natasha
  1446 | D:2      | Killed Natasha
  1446 | D:2      | Reached XP level 5. HP: 19/47 MP: 4/4
  1840 | D:2      | Found a sacrificial altar of Ru.
  1869 | D:2      | Noticed Sigmund
  1908 | D:2      | HP: 1/47 [Sigmund/puff of flame (10)]
  1909 | D:2      | Killed from afar by Sigmund

Skill      XL: |  1  2  3  4 |
---------------+-------------+-----
Fighting       | 4 |  4.8
Axes           | 4 5 |  5.4
Armour         | 3 |  3.6
Dodging        | 3 |  3.2

Action                   |  1- 3 |  4- 6 || total
-------------------------+-------+-------++-------
Melee: Hand axe          |    69 |    85 ||   154
       Headbutt          |     4 |    14 ||    18
       Unarmed           |       |    15 ||    15
 Stab: Sleeping          |     1 |       ||     1
  Eat: Chunk             |       |     3 ||     3
Armor: Animal skin       |     7 |       ||     7
       Chain mail        |    34 |    36 ||    70
Dodge: Dodged            |    45 |    56 ||   101
